 Dungeon Crawl Stone Soup version 0.17-a0-1718-g72dbe4d (webtiles) character file.

67795 kae the Fencer (level 14, -3/140 HPs)
             Began as a Minotaur Fighter on Aug 24, 2015.
             Was the Champion of Makhleb.
             Slain by a rust devil (8 damage)
             ... summoned by an orc sorcerer
             ... on level 4 of the Orcish Mines.
             The game lasted 01:03:26 (27370 turns).

kae the Fencer (Minotaur Fighter)                  Turns: 27370, Time: 01:03:27

Health: -3/140     AC: 23    Str: 25    XL:     14   Next: 84%
Magic:  5/5        EV:  8    Int:  7    God:    Makhleb [******]
Gold:   1806       SH:  9    Dex:  9    Spells: 0 memorised, 13 levels left

rFire  x . .     SeeInvis +     R - +2 long sword (antimagic)
rCold  . . .     Clarity  .     C - +5 scale mail of Ronusyb {+Inv SInv}
rNeg   . . .     SustAt   .     c - +0 shield
rPois  .         Gourm    .     i - +1 hat
rElec  .         Spirit   .     F - +0 cloak "Evehixt" {+Inv rF- Stlth+}
rCorr  .         Warding  .     m - +0 pair of gloves
rMut   .         Stasis   .     t - +2 pair of boots {Fly}
MR     +....                    o - amulet of regeneration
Stlth  +.........               h - +3 ring of slaying
                                D - +4 ring of protection

@: corroded equipment, flying, somewhat resistant to hostile enchantments, very
unstealthy
A: retaliatory headbutt, horns 2
a: Minor Destruction, Lesser Servant of Makhleb, Major Destruction, Greater
Servant of Makhleb, Renounce Religion, Evoke Invisibility, Stop Flying


You were on level 4 of the Orcish Mines.
You worshipped Makhleb.
Makhleb was exalted by your worship.
You were not hungry.

You visited 3 branches of the dungeon, and saw 22 of its levels.

You collected 2380 gold pieces.
You spent 574 gold pieces at shops.

Inventory:

Hand weapons
 R - a +2 antimagic long sword (weapon)
Armour
 c - a +0 shield (worn)
 i - a +1 hat (worn)
 m - a +0 pair of gloves (worn)
 t - a +2 pair of boots of flying (worn)
 C - the +5 scale mail of Ronusyb (worn) {+Inv SInv}
   (You found it on level 9 of the Dungeon)

   It lets you see invisible.
   It lets you turn invisible.
 F - the +0 cloak "Evehixt" (worn) {+Inv rF- Stlth+}
   (You bought it in a shop on level 9 of the Dungeon)

   It makes you vulnerable to fire.
   It lets you turn invisible.
   It makes you more stealthy.
Jewellery
 h - a +3 ring of slaying (right hand)
 o - an amulet of regeneration (around neck)
 r - an uncursed ring of sustain attributes
 x - an uncursed amulet of resist mutation
 D - a +4 ring of protection (left hand)
Magical devices
 W - a wand of disintegration (2)
Scrolls
 f - 2 scrolls of teleportation
 g - 2 scrolls of immolation
 j - 3 scrolls of enchant armour
 l - 3 scrolls of fear
 s - 5 scrolls of recharging
 v - 13 scrolls of remove curse
 w - 4 scrolls of identify
 E - 2 scrolls of enchant weapon
Potions
 e - 3 potions of cancellation
 G - a potion of curing
 H - a potion of ambrosia
 Z - 2 potions of resistance
Books
 b - a book of Ice

   Spells                             Type                      Level
   a - Ice Form                       Ice/Transmutation            4
   b - Metabolic Englaciation         Hexes/Ice                    5
   c - Ozocubu's Refrigeration        Ice                          6
   d - Bolt of Cold                   Conjuration/Ice              6
   e - Freezing Cloud                 Conjuration/Ice/Air          6
   f - Simulacrum                     Ice/Necromancy               6
Comestibles
 d - 4 bread rations


   Skills:
 - Level 17.0 Fighting
 * Level 17.2 Long Blades
 - Level 17.0 Armour
 - Level 3.6 Shields
 + Level 6.4 Invocations


You had 13 spell levels left.
You didn't know any spells.

Dungeon Overview and Level Annotations

Branches:
Dungeon (10/15)            Temple (0/1) D:5            Lair (8/8) D:9
  Swamp (0/4) Lair:4       Spider (0/4) Lair:6        Slime (0/6) Lair:6
    Orc (4/4) D:10            Elf (0/3) Orc:3

Altars:
Dithmenos
Elyvilon
Makhleb
Nemelex Xobeh
Okawaru
Qazlal
Xom
Yredelemnul
The Shining One
Beogh
Jiyva

Shops:
D:9 [   Orc:4 :

Portals:
Hell: Lair:8

Annotations:
Lair:8 herpmino's ghost, powerful FoFi


Innate Abilities, Weirdness & Mutations

You reflexively headbutt those who attack you in melee.
You have a pair of horns on your head.


Message History

The blue devil hits you.
* * * LOW HITPOINT WARNING * * *
The rust devil hits you. The rust devil corrodes you!
You can move again.
Unknown command.
Unknown command.
Unknown command.
Unknown command.
Unknown command.
Unknown command.
Unknown command.
Read which item? (? for menu, Esc to quit)
As you read the scroll of fear, it crumbles to dust.
You assume a fearsome visage.
The rust devil is unaffected.
The blue devil is unaffected.
The orc warrior looks frightened!
The orc warrior looks frightened!
The orc sorcerer looks frightened!
The orc knight looks frightened!
The blue devil hits you.
* * * LOW HITPOINT WARNING * * *
The rust devil hits you!
You die...

..........)##......).............
....#......###....)##............
..###..........[....##...........
.## ###.........[.#####..........
.# ##.......).).# #.......... .##
##........))[)#####..........
..###......8.)))).#.#.#..........
...............4<...........)....
.........8.∩.8.o@4...............
...........[##.............##)...
...........8[##oo.o........###...
.........##...###.....###.## ##..
#......#####...#.......#3## ##.
#......#.##....o.......### ##
####......#......#...###
##.##.......o......#
###............####


You could see an orc knight (fleeing), a rust devil, a blue devil, an orc
sorcerer (fleeing) and 2 orc warriors.

Vanquished Creatures
  A dire elephant (Lair:8)
  An ettin (Orc:3)
  A fire dragon (D:9)
  Harold (D:9)
  An ice dragon (Orc:3)
  5 hydras
  A hell beast (Lair:8)
  The ghost of Noname the Summoner, a powerful VSSu of Sif Muna (Lair:3)
  6 death yaks (Lair:8)
  Urug (Lair:4)
  The ghost of George the Carver, an experienced MiFi of Okawaru (D:8)
  An unseen horror (D:9)
  2 orc knights
  A wizard (Lair:8)
  3 hill giants
  2 griffons
  A cyclops (D:9)
  An orc sorcerer (Orc:4)
  33 elephants
  An oklob plant (Lair:7)
  11 black mambas
  Psyche (D:8)
  3 orange demons (Lair:8)
  13 spiny frogs
  7 komodo dragons
  3 fire drakes
  A hellwing (Lair:8)
  A red devil (Lair:8)
  A troll (D:9)
  3 polar bears
  Prince Ribbit (D:7)
  4 blue devils (Lair:8)
  14 blink frogs
  A two-headed ogre (Orc:3)
  2 boulder beetles (Lair:8)
  The ghost of lazykool the Chopper, an average GrBe of Trog (D:3)
  A trapdoor spider (D:9)
  A vampire mosquito (D:8)
  A hungry ghost (D:8)
  A wyvern (D:8)
  35 yaks
  7 hippogriffs
  4 basilisks
  3 insubstantial wisps (Lair:4)
  7 wolves
  3 wargs
  15 water moccasins
  6 sky beasts
  A spider (Lair:6)
  15 orc warriors
  9 porcupines
  2 ice beasts
  9 ogres
  A black bear (D:6)
  4 centaurs
  10 crocodiles
  A phantom (D:9)
  A big kobold (D:8)
  20 giant frogs
  A scorpion (D:9)
  A wyvern skeleton (D:9)
  4 killer bees (D:7)
  A wight (D:9)
  An electric eel (Lair:1)
  A quasit (D:10)
  8 crimson imps
  24 orc priests
  A centaur skeleton (D:5)
  5 hounds
  32 orc wizards
  8 iguanas
  4 worker ants
  12 sheep
  A hound zombie (D:9)
  A hound skeleton (D:10)
  29 adders
  60 river rats
  4 shadow imps
  An adder zombie (D:8)
  3 adder skeletons (D:4)
  6 worms
  2 giant geckos
  156 orcs
  4 giant cockroaches
  6 goblins
  10 hobgoblins
  16 jackals
  9 kobolds
  4 bats
  A giant gecko zombie (D:5)
  6 giant newts
  A jackal skeleton (D:6)
  A jackal zombie (D:5)
  5 quokkas
  A quokka skeleton (D:5)
  A quokka zombie (D:9)
  9 rats
  7 fungi
  3 plants
739 creatures vanquished.

Vanquished Creatures (collateral kills)
  2 hydras (Lair:8)
  A death yak (Lair:8)
  A black mamba (Lair:8)
  A komodo dragon (Lair:8)
  A red devil (Lair:8)
  An orc warrior (Orc:4)
  4 orcs
11 creatures vanquished.

Vanquished Creatures (others)
  An adder (D:9)
  An orc (D:9)
  25 fungi
  29 plants
56 creatures vanquished.

Grand Total: 806 creatures vanquished

Notes
Turn   | Place    | Note
--------------------------------------------------------------
     0 | D:1      | kae the Minotaur Fighter began the quest for the Orb.
     0 | D:1      | Reached XP level 1. HP: 19/19 MP: 0/0
    41 | D:1      | Reached XP level 2. HP: 24/26 MP: 1/1
   212 | D:1      | Reached skill level 4 in Long Blades
   470 | D:1      | Reached XP level 3. HP: 31/31 MP: 2/2
   888 | D:2      | Reached skill level 5 in Long Blades
  1016 | D:2      | Reached XP level 4. HP: 28/39 MP: 3/3
  1418 | D:3      | Noticed a sky beast
  1775 | D:3      | Killed a sky beast
  1775 | D:3      | Reached skill level 7 in Long Blades
  1775 | D:3      | Reached XP level 5. HP: 11/45 MP: 4/4
  2249 | D:3      | Noticed lazykool's ghost (average GrBe)
  2255 | D:3      | Killed lazykool's ghost
  2255 | D:3      | Reached skill level 8 in Long Blades
  2255 | D:3      | Reached XP level 6. HP: 45/51 MP: 5/5
  2451 | D:3      | Noticed an ogre
  2457 | D:3      | Killed an ogre
  2457 | D:3      | Reached skill level 9 in Long Blades
  2571 | D:3      | Reached XP level 7. HP: 57/57 MP: 6/6
  3125 | D:4      | Found a burning altar of Makhleb.
  3131 | D:4      | Reached skill level 10 in Long Blades
  3273 | D:4      | Became a worshipper of Makhleb the Destroyer
  3454 | D:4      | Found a sparkling altar of Nemelex Xobeh.
  3668 | D:5      | Entered Level 5 of the Dungeon
  3767 | D:5      | Found a staircase to the Ecumenical Temple.
  3949 | D:5      | Reached skill level 11 in Long Blades
  4057 | D:5      | Found a basalt altar of Yredelemnul.
  4096 | D:5      | Found a glowing golden altar of the Shining One.
  4110 | D:5      | Reached XP level 8. HP: 41/64 MP: 7/7
  4244 | D:5      | Found an iron altar of Okawaru.
  4702 | D:6      | Reached skill level 12 in Long Blades
  4945 | D:6      | Acquired Makhleb's first power
  5324 | D:6      | Found a shimmering altar of Xom.
  5381 | D:6      | Reached skill level 13 in Long Blades
  5985 | D:7      | Reached XP level 9. HP: 31/70 MP: 8/8
  5996 | D:7      | Acquired Makhleb's second power
  6551 | D:7      | Found a shadowy altar of Dithmenos.
  6609 | D:7      | Noticed Prince Ribbit
  6623 | D:7      | Killed Prince Ribbit
  6623 | D:7      | Reached skill level 14 in Long Blades
  6806 | D:7      | Found a stormy altar of Qazlal.
  7168 | D:8      | Noticed Psyche
  7176 | D:8      | Killed Psyche
  7181 | D:8      | Reached skill level 5 in Fighting
  7187 | D:8      | Reached skill level 5 in Armour
  7578 | D:8      | Noticed George's ghost (experienced MiFi)
  7602 | D:8      | Killed George's ghost
  7602 | D:8      | Reached XP level 10. HP: 30/86 MP: 9/9
  7950 | D:9      | Acquired Makhleb's third power
  7962 | D:9      | Noticed a hill giant
  7984 | D:9      | Killed a hill giant
  8059 | D:9      | Noticed a fire dragon
  8906 | D:9      | Noticed a cyclops
  8934 | D:9      | Reached skill level 10 in Fighting
  8940 | D:9      | Acquired Makhleb's fourth power
  8940 | D:9      | Reached skill level 10 in Armour
  8961 | D:9      | Killed a cyclops
  9159 | D:9      | Identified a scroll of acquirement
  9216 | D:9      | Killed an unseen horror
  9216 | D:9      | Reached XP level 11. HP: 77/101 MP: 10/10
  9571 | D:9      | Found a staircase to the Lair.
  9838 | D:9      | Got a distressingly furry scale mail
  9912 | D:9      | Found Hoothryly's Antique Armour Boutique.
  9949 | D:9      | Bought a transparent scale mail for 225 gold pieces
  9949 | D:9      | Bought an encrusted cloak for 237 gold pieces
  9959 | D:9      | Identified the +0 cloak "Evehixt" {+Inv rF- Stlth+} (You bought it in a shop on level 9 of the Dungeon)
  9969 | D:9      | Identified the +5 scale mail of Ronusyb {+Inv SInv} (You found it on level 9 of the Dungeon)
  9979 | D:9      | Identified the +1 scale mail "Wappoir" {rN+ MR+ Dex+3} (You bought it in a shop on level 9 of the Dungeon)
 10365 | D:9      | Killed a fire dragon
 10488 | D:10     | Entered Level 10 of the Dungeon
 10493 | D:10     | Noticed a hill giant
 10504 | D:10     | Killed a hill giant
 10516 | D:10     | Noticed Harold
 10523 | D:10     | Noticed a hill giant
 10540 | D:9      | Killed Harold
 10745 | D:10     | Killed a hill giant
 10791 | D:10     | Found a staircase to the Orcish Mines.
 10792 | D:10     | Found a shadowy altar of Dithmenos.
 10886 | D:9      | Bought a pair of runed boots for 112 gold pieces
 11330 | D:10     | Acquired Makhleb's fifth power
 11532 | Lair:1   | Entered Level 1 of the Lair of Beasts
 11765 | Lair:1   | Noticed a five-headed hydra
 12930 | Lair:2   | Noticed a seven-headed hydra
 13144 | Lair:2   | Noticed a five-headed hydra
 13576 | Lair:2   | Reached XP level 12. HP: 115/115 MP: 11/11
 14294 | Lair:3   | Noticed Noname's ghost (powerful VSSu)
 14316 | Lair:3   | Killed Noname's ghost
 15404 | Lair:4   | Found a staircase to the Swamp.
 15522 | Lair:4   | Noticed Urug
 15548 | Lair:4   | Killed Urug
 16598 | Lair:5   | Reached skill level 15 in Fighting
 16765 | Lair:5   | Reached skill level 15 in Armour
 17056 | Lair:5   | Reached XP level 13. HP: 127/127 MP: 4/12
 17541 | Lair:6   | Found a viscous altar of Jiyva.
 17541 | Lair:6   | Found a staircase to the Slime Pits.
 17553 | Lair:6   | Reached skill level 16 in Fighting
 18698 | Lair:6   | Found a hole to the Spider Nest.
 18933 | Lair:7   | Found a white marble altar of Elyvilon.
 20505 | Lair:2   | Killed a 11-headed hydra
 20842 | Lair:6   | Reached skill level 17 in Fighting
 20881 | Lair:8   | Entered Level 8 of the Lair of Beasts
 21008 | Lair:8   | Noticed herpmino's ghost (powerful FoFi)
 21037 | Lair:8   | Reached skill level 1 in Invocations
 21484 | Lair:8   | Reached XP level 14. HP: 140/140 MP: 4/14
 21528 | Lair:8   | Noticed a dire elephant
 21546 | Lair:8   | Killed a dire elephant
 21696 | Lair:8   | Reached skill level 15 in Long Blades
 23455 | Lair:8   | Found a burning altar of Makhleb.
 23489 | Lair:8   | Reached skill level 5 in Invocations
 23501 | Lair:8   | HP: 7/140 [blue devil (15)]
 23932 | Lair:8   | Found a gateway to Hell.
 24419 | Orc:1    | Entered Level 1 of the Orcish Mines
 24599 | Orc:2    | Found a roughly hewn altar of Beogh.
 25510 | Orc:3    | Found a staircase to the Elven Halls.
 26073 | Orc:4    | Entered Level 4 of the Orcish Mines
 26111 | Orc:4    | Found Cuparch's Book Emporium.
 26681 | Orc:3    | HP: 4/140 [ettin/dire flail (39)]
 27362 | Orc:4    | Paralysed by an orc sorcerer for 7 turns
 27370 | Orc:4    | HP: 5/140 [blue devil[an orc sorcerer] (4)]
 27370 | Orc:4    | Slain by a rust devil

Vault maps used:
D:1:      nicolae_arrival_washed_ashore
D:3:      kennysheep_generic_room_7
D:4:      old_standard_altar, makhleb_grotto_becter, first_bread, hex_tiny
D:5:      kennysheep_little_box, lemuel_coloured_pillars_altar,
          minmay_temple_entry_poolview, okawaru_metal_pillars_1_2
D:6:      kennysheep_mini_moat, minivault_23
D:7:      grunt_dithmenos_smoke, nicolae_overflow_hidden_temple,
          uniq_prince_ribbit1
D:8:      blue_anna_alchemist, hangedman_abyss_or_decor_passed, uniq_psyche
D:9:      lair_0_dummy, serial_shops, nicolae_shop_statue_plus, minmay_evil_grid
D:10:     orc_0_dummy, basic_altar, uniq_harold
Lair:1:   infiniplex_staircase_pool
Lair:2:   guppyfry_lair_drakes, lemuel_fruit_fields
Lair:4:   minmay_swamp_entry_wisps, uniq_urug
Lair:5:   mu_elephants_graveyard, serial_bayou_shore_b
Lair:6:   minmay_lair_venomous_thicket, spider_nest_entry_funnel_web,
          slime_altar_1
Lair:7:   lemuel_oklob_altar, infiniplex_staircase_pool_2
Lair:8:   evil_forest, nicolae_quartered_pool_super
Orc:2:    mines1_david
Orc:3:    portal_ice_cave_entry_animals_and_master, nicolae_orc_pool_cavern
Orc:4:    grunt_orc_tribal_feast, serial_shops, nicolae_shop_statue_plus,
          uniq_maurice

Action                   |  1- 3 |  4- 6 |  7- 9 | 10-12 | 13-15 || total
-------------------------+-------+-------+-------+-------+-------++-------
Melee: Long sword        |   114 |    93 |   473 |   905 |  1396 ||  2981
Invok: Minor Destruction |       |       |     2 |     3 |       ||     5
       Lesser Servant of |       |       |       |       |    14 ||    14
Evoke: Wand              |       |       |       |       |     4 ||     4
  Use: Potion            |       |     1 |     1 |    10 |     4 ||    16
       Scroll            |       |       |    10 |    24 |     8 ||    42
 Stab: Distracted        |       |       |       |       |     4 ||     4
  Eat: Chunk             |       |     1 |    15 |    26 |    19 ||    61
       Bread ration      |       |     1 |       |       |     5 ||     6
       Beef jerky        |       |       |     1 |       |     1 ||     2
       Fruit             |       |       |     3 |       |     1 ||     4
       Pizza             |       |       |       |     1 |     1 ||     2
       Meat ration       |       |       |       |     1 |       ||     1
